 Dungeon Crawl Stone Soup version 0.30-a0-728-gc68057be0a (webtiles) character file.

Game seed: 12620426827581313710

29848 Dittersdorf the Warrior (level 13, -20/95 HPs)
             Began as a Gargoyle Fighter on Jan 30, 2023.
             Was an Elder of Okawaru.
             Demolished by a komodo dragon (21 damage)
             ... on level 3 of the Lair of Beasts.
             The game lasted 00:20:39 (13621 turns).

Dittersdorf the Warrior (Gargoyle Fighter)         Turns: 13621, Time: 00:20:40

Health: -20/95     AC: 35    Str: 23    XL:     13   Next: 47%
Magic:  0/13       EV:  6    Int: 11    God:    Okawaru [****..]
Gold:   653        SH: 14    Dex: 15    Spells: 12/12 levels left

rFire   + + .      SeeInvis .    a - +2 flail (protect)
rCold   + + +      Faith    .    y - +2 shield of Resistance {rF++ rC++ Will++}
rNeg    + . .      Spirit   +    B - +0 plate armour
rPois   ∞          Reflect  .    (no helmet)
rElec   +          Harm     .    j - +1 cloak
rCorr   .          Rampage  .    (no gloves)
Will    ++...                    l - +0 pair of boots Stlth
                                 n - amulet of guardian spirit
HPRegen 0.35/turn                b - ring of protection from cold
MPRegen 0.13/turn                A - +6 ring of dexterity

@: under a protective aura
A: sickness immunity, AC +9, negative energy resistance 1, electricity
resistance, torment resistance 1, petrification resistance
a: Renounce Religion, Heroism, Finesse


You were on level 3 of the Lair of Beasts.
You worshipped Okawaru.
Okawaru was greatly pleased with you.
You visited 3 branches of the dungeon, and saw 15 of its levels.
You also visited: Ossuary and Bailey.

You collected 653 gold pieces.

Inventory:

Hand Weapons
 a - a +2 flail of protection (weapon)
Missiles
 c - 5 curare-tipped darts (quivered)
Armour
 j - a +1 cloak (worn)
 l - a +0 pair of boots (worn)
 y - the +2 shield of Resistance (worn) {rF++ rC++ Will++}
   (You acquired it in a bailey)

   rF:        It greatly protects you from fire.
   rC:        It greatly protects you from cold.
   Will:      It greatly increases your willpower.
 B - a +0 plate armour (worn)
Jewellery
 b - a ring of protection from cold (left hand)
 n - an amulet of guardian spirit (around neck)
 o - a ring of flight
 v - a ring of positive energy
 A - a +6 ring of dexterity (right hand)
 D - a ring of fire
 E - a ring of see invisible
Wands
 r - a wand of flame (54)
 x - a wand of roots (5)
Scrolls
 m - 3 scrolls of enchant weapon
 w - a scroll of fog
 C - a scroll of poison
 F - a scroll of blinking
 G - a scroll of magic mapping
 H - a scroll of fear
 I - a scroll of teleportation
Potions
 d - 2 potions of might
 e - a potion of magic
 f - 2 potions of invisibility
 g - a potion of mutation
 h - 6 potions of curing
 i - a potion of brilliance
 k - 3 potions of berserk rage
 p - 3 potions of attraction {unknown}
 q - 5 potions of heal wounds {unknown}
 t - 6 potions of cancellation {unknown}
 u - 2 potions of resistance
 z - a potion of flight


   Skills:
 + Level 16.8 Fighting
 + Level 9.6 Maces & Flails
 + Level 10.7 Armour
 + Level 10.7 Shields


You had 12 spell levels left.
You didn't know any spells.
Your spell library contained the following spells:

 Spells                   Type           Power      Damage    Failure   Level
 Necrotise                Necr           0%         1d4       100%        1
 Dazzling Flash           Conj/Hex       0%         N/A       100%        3
 Hailstorm                Conj/Ice       0%         3d3       100%        3
 Ignite Poison            Fire/Tmut/Pois 0%         N/A       100%        3
 Kindle Blastsparks       Fire/Tloc/Air  0%         2d10      100%        3
 Vampiric Draining        Necr           0%         2d6       100%        3
 Ice Form                 Ice/Tmut       0%         N/A       100%        4
 Iskenderun's Mystic Bla  Conj/Tloc      0%         2d3       100%        4
 Petrify                  Tmut/Erth      0%         N/A       100%        4
 Agony                    Necr           0%         N/A       100%        5
 Freezing Cloud           Conj/Ice/Air   0%         6-21      100%        5
 Metabolic Englaciation   Hex/Ice        0%         N/A       100%        5
 Starburst                Conj/Fire      0%         6d3       100%        6
 Simulacrum               Ice/Necr       Unusable   N/A       N/A         6
 Statue Form              Tmut/Erth      Unusable   N/A       N/A         6

Dungeon Overview and Level Annotations

Branches:
Dungeon (11/15)            Temple (1/1) D:6            Lair (3/5) D:8
    Orc (0/2) D:9         Ossuary (visited)          Bailey (visited)
  Swamp: Lair:2-3    Shoals: Lair:2-3     Snake: Lair:2-3    Spider: Lair:2-3

Altars:
Ashenzari
Cheibriados
Dithmenos
Elyvilon
Fedhas
Gozag
Hepliaklqana
Kikubaaqudgha
Makhleb
Nemelex Xobeh
Okawaru
Qazlal
Ru
Sif Muna
Trog
Uskayaw
Vehumet
Wu Jian
Xom
Yredelemnul
Zin
The Shining One

Shops:
D:4 !   D:7 *   D:8 ?   D:9 *


Innate Abilities, Weirdness & Mutations

You are immune to sickness and miasma.
Your stone body is resilient. (AC +9)
You are immune to poison.
You resist negative energy. (rN+)
You are resistant to electric shocks. (rElec)
You are resistant to unholy torment.
You are immune to petrification.


Message History

The komodo dragon bites you.
* * * LOW HITPOINT WARNING * * *
You see here 5 gold pieces.
The komodo dragon hisses menacingly.
Found a stone staircase leading down.
A water moccasin comes into view.
The water moccasin hisses angrily.
The water moccasin moves out of view.
The komodo dragon attacks as you move away!
You block the komodo dragon's attack.
The komodo dragon attacks as you move away!
You block the komodo dragon's attack. The water moccasin closely misses you.
The water moccasin barely misses you.
The water moccasin bites you but does no damage.
The komodo dragon attacks as you move away!
The komodo dragon barely misses you.
The water moccasin bites you but does no damage.
The water moccasin bites you.
* * * LOW HITPOINT WARNING * * *
There is a stone staircase leading down here.
The komodo dragon barely misses you.
You climb downwards.
Found a murky cyan potion, a potion of might and a scroll of identify.
Found a stone staircase leading down.
There is a stone staircase leading up here.
You hit the komodo dragon.
Your weapon exudes an aura of protection.
The komodo dragon is lightly wounded.
You block the komodo dragon's attack.
You sock the komodo dragon!
The komodo dragon is moderately wounded.
The komodo dragon bites you but does no damage.
You hit the komodo dragon.
The komodo dragon is moderately wounded.
The komodo dragon bites you!
* * * LOW HITPOINT WARNING * * *
You completely miss the komodo dragon.
The komodo dragon is moderately wounded.
The komodo dragon bites you!!
You die...

.... .... ....
... #..#### #
+..#..##.#..
>..#...........
.......@.......
........l......
..#............
...............
........!..#P..
.P!#.......# ?.
.......#...# .
....... ...P


You could see a komodo dragon.

Vanquished Creatures
  2 two-headed ogres (D:10)
  Sonja (Lair:1)
  2 orc knights (Bailey)
  Joseph (Lair:1)
  A cane toad (Lair:1)
  An unseen horror (D:10)
  A komodo dragon (Lair:2)
  4 blink frogs (Lair:2)
  Sigmund (D:5)
  3 wyverns
  19 yaks
  A basilisk (Lair:1)
  3 steam dragons
  3 vampire mosquitoes (D:7)
  Edmund (D:6)
  7 water moccasins
  A sky beast (D:7)
  An ice beast (D:5)
  13 orc warriors
  An ogre (D:6)
  3 black bears
  7 centaurs
  A kobold brigand (D:6)
  7 bullfrogs
  6 scorpions
  3 necrophages
  5 wights (D:7)
  12 killer bees
  3 howler monkeys (D:8)
  A centaur zombie (Ossuary)
  A hound (D:7)
  Crazy Yiuf (D:2)
  10 orc priests
  2 jellies
  A gnoll bouda (D:8)
  2 iguanas
  18 orc wizards
  5 hell rats (Lair:2)
  6 mummies (Ossuary)
  9 gnolls
  6 adders
  2 white imps (D:6)
  4 worms
  4 dart slugs
  52 orcs
  8 endoplasms
  4 giant cockroaches
  7 goblins
  10 hobgoblins
  3 jackals (D:2)
  7 quokkas
  7 ball pythons
  11 bats
  2 frilled lizards
  3 hobgoblin zombies (Ossuary)
  13 kobolds
  7 rats
  A spectral kobold (D:1)
321 creatures vanquished.

Vanquished Creatures (others)
  2 demonic plants (D:7)
  39 fungi
  29 plants (D:8)
70 creatures vanquished.

Grand Total: 391 creatures vanquished

Notes
Turn   | Place    | Note
-------+----------+-------------------------------------------
     0 | D:1      | Dittersdorf the Gargoyle Fighter began the quest for the
                  | Orb.
     0 | D:1      | Reached XP level 1. HP: 14/14 MP: 1/1
    57 | D:1      | Reached XP level 2. HP: 18/19 MP: 2/2
   112 | D:1      | Found a faded altar of an unknown god.
   462 | D:1      | Reached XP level 3. HP: 23/23 MP: 3/3
   811 | D:2      | Identified the +3 dagger "Unihubb" {vamp, +Blink rC+++
                  | Dex-3}
  1072 | D:2      | Found a runed translucent door.
  1073 | D:2      | Noticed Crazy Yiuf
  1111 | D:2      | Reached XP level 4. HP: 20/29 MP: 4/4
  2168 | D:3      | Noticed a centaur
  2179 | D:3      | Killed a centaur
  2180 | D:3      | Reached skill level 4 in Fighting
  2180 | D:3      | Reached XP level 5. HP: 33/33 MP: 5/5
  2388 | D:3      | Found an ancient bone altar of Kikubaaqudgha.
  2763 | D:3      | Reached XP level 6. HP: 24/39 MP: 2/6
  2932 | D:2      | Killed Crazy Yiuf
  2934 | D:2      | Identified the +4 hammer of Deflation {heavy, *Rage Str+2
                  | Dex+3}
  3122 | D:4      | Reached skill level 5 in Shields
  3254 | D:4      | Reached skill level 5 in Fighting
  3380 | D:4      | Found Wahe's Distillery.
  3401 | D:4      | Reached skill level 5 in Armour
  3532 | D:4      | Reached XP level 7. HP: 44/44 MP: 7/7
  4276 | D:5      | Entered Level 5 of the Dungeon
  4635 | D:5      | Noticed Sigmund
  4648 | D:5      | Killed Sigmund
  4649 | D:5      | Reached XP level 8. HP: 40/51 MP: 6/8
  4754 | D:5      | Reached skill level 6 in Fighting
  4754 | D:5      | Reached skill level 5 in Maces & Flails
  4830 | D:5      | Found a hazy altar of Hepliaklqana.
  5617 | D:6      | Noticed Edmund
  5658 | D:6      | Killed Edmund
  5993 | D:6      | Reached skill level 7 in Fighting
  5993 | D:6      | Reached XP level 9. HP: 24/57 MP: 4/9
  6105 | D:6      | Found a shimmering altar of Xom.
  6240 | D:6      | Found a staircase to the Ecumenical Temple.
  6267 | Temple   | Entered the Ecumenical Temple
  6273 | Temple   | Became a worshipper of Warmaster Okawaru
  6892 | D:7      | Reached * piety under Okawaru
  6927 | D:7      | Found Zin's Purification Station.
  6931 | D:7      | Found a glowing silver altar of Zin.
  6983 | D:7      | Found a sand-covered staircase.
  6988 | Ossuary  | Entered an ossuary
  7294 | D:7      | Reached skill level 8 in Fighting
  7556 | D:7      | Reached XP level 10. HP: 64/64 MP: 10/10
  7740 | D:7      | Reached ** piety under Okawaru
  8467 | D:8      | Reached *** piety under Okawaru
  8496 | D:7      | Reached skill level 9 in Fighting
  8655 | D:8      | Found a staircase to the Lair.
  8804 | D:8      | Reached **** piety under Okawaru
  9000 | D:8      | Reached skill level 13 in Fighting
  9000 | D:8      | Reached XP level 11. HP: 78/78 MP: 11/11
  9001 | D:8      | Reached skill level 16 in Fighting
  9001 | D:8      | Reached XP level 12. HP: 88/88 MP: 12/12
  9104 | D:8      | Found Kaheimmu's Magic Scroll Emporium.
  9107 | D:8      | You are sucked into a shaft and drop 3 floors!
  9159 | D:11     | Found a basalt altar of Yredelemnul.
  9168 | D:10     | Entered Level 10 of the Dungeon
  9179 | D:10     | Noticed a two-headed ogre
  9180 | D:10     | Found a blossoming altar of Fedhas.
  9215 | D:10     | Found a flagged portal.
  9219 | D:10     | Noticed a two-headed ogre
  9228 | Bailey   | Entered a bailey
  9929 | Bailey   | Acquired the +2 shield of Resistance {rF++ rC++ Will++}
  9929 | Bailey   | Found the +2 shield of Resistance {rF++ rC++ Will++}
 10010 | Bailey   | HP: 2/88 [orc knight/+0 glaive (4)]
 10516 | D:10     | Killed a two-headed ogre
 10517 | D:10     | Reached XP level 13. HP: 89/94 MP: 10/13
 10847 | D:10     | Reached skill level 10 in Shields
 10892 | D:10     | Reached skill level 10 in Armour
 11029 | D:8      | Found a white marble altar of Elyvilon.
 11561 | D:9      | Found a glowing golden altar of the Shining One.
 11568 | D:9      | Found a hide-covered altar of Uskayaw.
 11743 | D:9      | Found Japtoull's Mayhem Merchandise.
 12079 | D:9      | Found a sacrificial altar of Ru.
 12237 | D:9      | Found a staircase to the Orcish Mines.
 12311 | D:9      | Found an opulent altar of Gozag.
 12340 | D:9      | Found a radiant altar of Vehumet.
 12992 | Lair:1   | Entered Level 1 of the Lair of Beasts
 13319 | Lair:1   | Noticed Sonja
 13329 | Lair:1   | Killed Sonja
 13377 | Lair:1   | Noticed Joseph
 13391 | Lair:1   | Killed Joseph
 13501 | Lair:1   | You fall into a shaft and drop 1 floor!
 13502 | Lair:2   | yay!
 13517 | Lair:2   | Reached ***** piety under Okawaru
 13602 | Lair:2   | HP: 4/95 [six-headed hydra (9)]
 13620 | Lair:3   | HP: 1/95 [komodo dragon (7)]
 13621 | Lair:3   | Demolished by a komodo dragon

Illustrated notes

#PF.... ...
.l..... ..
#..... ..
#.....###.#
#.....P#..####
##.............
...............
.......@.......
............>..
...............
...............
.#.............
#.#..#♣.♣#..#.#
. ... #♣♣ ♣♣# .
#...


Turn 13502 on Lair:2: yay!

Levels and vault maps discovered:
D:1:      reono_arrival_mine, layout_loops_ring,
          dreamdust_ecumenical_altar_drowned_temple
D:2:      layout_loops_ring, nrook_loot_triangle, minmay_puff,
          uniq_crazy_yiuf_cottage
D:3:      layout_basic, mainiacjoe_overflow_chevrons
D:4:      layout_basic, serial_shops, shop
D:5:      layout_rooms, worldfamousw_hep_ancestral_shrine,
          hangedman_decor_lopped, roderic_serpentine_path,
          ebering_dispersal_statue_hall, uniq_sigmund
D:6:      layout_loops_ring, kennysheep_mini, minmay_temple_entry_crystal_x,
          corexii_hall_statues_t, hangedman_decor_opposing,
          grunt_decor_arrowhead, minmay_small_thing, uniq_edmund
D:7:      layout_loops_ring, zin_purify, nicolae_ossuary_entry_plus,
          dreamdust_princess_corridor
D:8:      layout_gridville, nicolae_overflow_hidden_temple,
          due_lair_maze_entry_diamond, serial_shops, shop
D:9:      layout_loops_ring, nicolae_ru_great_annihilating_truth,
          mainiacjoe_overflow_big_doors, mainiacjoe_overflow_swirl, orc_0_dummy,
          minmay_shop_mayhem
D:10:     kennysheep_six_static_rooms, layout_loops_ring,
          mainiacjoe_overflow_boulevard, enter_bailey_5, chequers_mini_garden
D:11:     layout_stronghold, yredelemnul_altar_generic
Temple:   minmay_freezing_vapour_temple
Lair:1:   layout_concentric_octagons, pdpol_lair_neglected_garden, minivault_11,
          grunt_megastairs_2, uniq_joseph, uniq_sonja
Lair:2:   layout_regular_city, minmay_swamp_entry_worms, basic_altar,
          minmay_lair_oklob_bushes, serial_bayou_shore_b
Lair:3:   layout_chaotic_city, hellmonk_spider_entry_life_and_decay,
          gammafunk_ghost_wrathful_warriors, uniq_gastronok

Skill      XL: |  1  2  3  4  5  6  7  8  9 10 11 12 13 |
---------------+----------------------------------------+-----
Shields        | 4 5 7 8 9 10 | 10.7
Armour         | 4 5 7 8 9 10 | 10.7
Fighting       | 4 5 7 8 13 16 | 16.8
Maces & Flails | 3 4 6 7 8 9 |  9.6

Action                     |  1- 3 |  4- 6 |  7- 9 | 10-12 | 13-15 || total
---------------------------+-------+-------+-------+-------+-------++-------
  Melee: Flail             |   144 |   131 |   513 |   300 |   421 ||  1509
         Mace              |       |    33 |       |       |       ||    33
  Throw: Dart              |       |       |    12 |    18 |     7 ||    37
 Invoke: Heroism           |       |       |       |     3 |     3 ||     6
  Evoke: Wand              |       |       |       |    23 |       ||    23
    Use: Scroll            |       |     5 |     9 |     7 |     3 ||    24
         Potion            |       |       |       |     2 |       ||     2
   Stab: Paralysed         |       |       |       |       |     2 ||     2
 Armour: Scale mail        |    70 |       |       |       |       ||    70
         Chain mail        |    33 |   139 |   344 |   237 |       ||   753
         Plate armour      |       |       |       |    17 |   345 ||   362
  Dodge: Dodged            |    99 |    65 |   140 |   146 |    99 ||   549
  Block: Buckler           |    37 |    38 |   111 |   126 |       ||   312
         Kite shield       |       |       |       |    17 |   370 ||   387

Table legend: (Time is in decaauts)
 A = Elapsed time spent in this place.
 B = Non-inter-level travel time spent in this place.
 C = Inter-level travel time spent in this place.
 D = Time resting spent in this place.
 E = Time spent auto-exploring this place.
 F = Levels seen in this place.
 G = Mean time per level.
                   A        B        C        D        E       F      G
               +--------+--------+--------+--------+--------+-----+--------+
         Total |  13902 |  13353 |    549 |   2803 |   7159 |  17 |  817.8 |
       Dungeon |  11757 |  11209 |    548 |   1933 |   6515 |  11 | 1068.8 |
        Temple |     11 |     11 |      0 |      0 |      1 |   1 |   11.0 |
          Lair |    628 |    628 |      0 |     60 |    386 |   3 |  209.3 |
       Ossuary |    240 |    240 |      0 |     85 |     84 |   1 |  240.0 |
        Bailey |   1264 |   1264 |      0 |    725 |    173 |   1 | 1264.0 |
               +--------+--------+--------+--------+--------+-----+--------+

Top non-repeatable levels by time:
     D:7: 1529 daAuts
     D:6: 1524 daAuts
     D:4: 1509 daAuts
  Bailey: 1264 daAuts
     D:2: 1204 daAuts
     D:9: 1059 daAuts
    D:10: 1038 daAuts
     D:3: 1009 daAuts
     D:8: 986 daAuts
     D:5: 986 daAuts
     D:1: 846 daAuts
  Lair:1: 509 daAuts
 Ossuary: 240 daAuts
  Lair:2: 114 daAuts
    D:11: 60 daAuts
